 Dungeon Crawl Stone Soup version 0.22-a0-358-g7563fe7 (webtiles) character file.

57181 Megalobster the Nimble (level 14, 0/110 HPs)
             Began as a Gnoll Gladiator on Apr 18, 2018.
             Was an Initiate of Gozag.
             Slain by a death yak (20 damage)
             ... on level 6 of the Lair of Beasts on Apr 19, 2018.
             The game lasted 01:18:28 (19074 turns).

Megalobster the Nimble (Gnoll Gladiator)           Turns: 19074, Time: 01:18:29

Health: 0/110      AC: 12    Str: 33    XL:     14   Next: 85%
Magic:  18/27      EV: 33    Int: 14    God:    Gozag
Gold:   2012       SH: 14    Dex: 21    Spells: 12/31 levels left

rFire    . . .     SeeInvis .   a - +3 rapier (freeze)
rCold    + . .     Gourm    .   t - +0 shield
rNeg     . . .     Faith    .   l - +0 troll leather armour
rPois    .         Spirit   .   w - +0 helmet
rElec    +         Reflect  .   P - +1 cloak of Starlight {rElec rC+ EV+4 Stlth--}
rCorr    .         Harm     .   B - +0 pair of gloves
MR       +....                  r - +0 pair of boots
Stlth    +++.......             e - amulet of the acrobat
HPRegen  0.68/turn              L - ring "Genewnutt" {rElec EV+4 Str+6 Slay+3}
MPRegen  0.20/turn              o - +3 ring of strength

@: mighty, agile, about to teleport, gold aura, very slightly contaminated,
hasted and slowed
A: distributed training, fangs 1, strong nose
a: Potion Petition, Call Merchant, Bribe Branch, Renounce Religion


You were on level 6 of the Lair of Beasts.
You worshipped Gozag.
Gozag was most pleased with you.
You were hungry.

You visited 3 branches of the dungeon, and saw 17 of its levels.

You collected 4529 gold pieces.
You spent 821 gold pieces at shops.
You paid 1696 gold pieces to Gozag.

Inventory:

Hand Weapons
 a - a +3 rapier of freezing (weapon)
 b - a +0 flail of venom
 E - a +0 short sword of speed
 N - a +0 broad axe
Missiles
 d - 5 throwing nets {!f}
 j - 85 sling bullets
 k - 400 stones (quivered)
 J - 16 tomahawks
 S - 10 javelins
Armour
 c - a +0 helmet
 l - a +0 troll leather armour (worn)
 r - a +0 pair of boots (worn)
 t - a +0 shield (worn)
 w - a +0 helmet (worn)
 y - a +0 leather armour of poison resistance
 B - a +0 pair of gloves (worn)
 P - the +1 cloak of Starlight (worn) {rElec rC+ EV+4 Stlth--}
   (You bought it in a shop on level 4 of the Dungeon)

   It affects your evasion (+4).
   It protects you from cold.
   It insulates you from electricity.
   It makes you much less stealthy.
Jewellery
 e - an amulet of the acrobat (around neck)
 i - an uncursed ring of positive energy
 o - a +3 ring of strength (right hand)
 C - an uncursed ring of flight
 L - the ring "Genewnutt" (left hand) {rElec EV+4 Str+6 Slay+3}
   (You found it on level 2 of the Lair of Beasts)

   [ring of evasion]

   It affects your evasion (+4).
   It affects your strength (+6).
   It affects your accuracy and damage with ranged weapons and melee attacks
   (+3).
   It insulates you from electricity.
Wands
 v - a wand of clouds (10)
 G - a wand of random effects (92)
 H - a wand of paralysis (30)
 K - a wand of iceblast (14)
Scrolls
 g - a scroll of fog
 m - 4 scrolls of magic mapping
 p - 3 scrolls of amnesia
 s - 5 scrolls of teleportation
 u - 4 scrolls of enchant armour
 A - 5 scrolls of remove curse {@r2}
 F - 3 scrolls of fear
 U - a scroll of identify {@r1}
 V - a scroll of vulnerability
 X - 3 scrolls of enchant weapon
Potions
 h - 2 potions of resistance
 n - 3 potions of agility
 q - 3 potions of brilliance
 x - 2 potions of cancellation
 z - 2 potions of haste
 D - 2 potions of flight
 I - a potion of berserk rage
 Q - 3 potions of ambrosia
 R - a potion of lignification
 T - 7 potions of curing {@q1}
 W - a potion of invisibility
 Y - 2 potions of heal wounds
Miscellaneous
 M - a lightning rod (4/4)
 O - a lamp of fire
Comestibles
 f - 21 rations


   Skills:
 + Level 10.1 Fighting
 + Level 11.1 Short Blades
 + Level 9.1 Long Blades
 + Level 9.1 Axes
 + Level 9.1 Maces & Flails
 + Level 9.1 Polearms
 + Level 9.1 Staves
 + Level 9.1 Slings
 + Level 9.1 Bows
 + Level 9.1 Crossbows
 + Level 10.1 Throwing
 + Level 9.1 Armour
 + Level 11.1 Dodging
 + Level 9.1 Stealth
 + Level 9.1 Shields
 + Level 9.1 Unarmed Combat
 + Level 9.1 Spellcasting
 + Level 7.6 Conjurations
 + Level 7.6 Hexes
 + Level 7.6 Charms
 + Level 7.6 Summonings
 + Level 7.6 Necromancy
 + Level 7.6 Translocations
 + Level 7.6 Transmutations
 + Level 7.6 Fire Magic
 + Level 7.6 Ice Magic
 + Level 7.6 Air Magic
 + Level 7.6 Earth Magic
 + Level 7.6 Poison Magic
 + Level 9.9 Invocations
 + Level 9.1 Evocations


You had 12 spell levels left.
You knew the following spells:

 Your Spells              Type           Power        Failure   Level  Hunger
a - Blink                 Tloc           N/A          1%          2    None
b - Call Imp              Summ           ####....     1%          2    None
c - Conjure Flame         Conj/Fire      ####....     3%          3    ##.....
d - Mephitic Cloud        Conj/Pois/Air  ####....     3%          3    ##.....
e - Dazzling Spray        Conj/Hex       ####..       3%          3    ##.....
f - Poisonous Vapours     Pois/Air       ####..       1%          2    None
g - Summon Ice Beast      Ice/Summ       ####....     12%         4    ####...


Dungeon Overview and Level Annotations

Branches:
Dungeon (10/15)            Temple (1/1) D:7            Lair (6/6) D:8
  Swamp (0/4) Lair:3        Snake (0/4) Lair:2        Slime (0/5) Lair:5
    Orc (0/2) D:9

Altars:
Ashenzari
Cheibriados
Dithmenos
Elyvilon
Fedhas
Gozag
Hepliaklqana
Kikubaaqudgha
Makhleb
Nemelex Xobeh
Okawaru
Qazlal
Ru
Sif Muna
Trog
Uskayaw
Vehumet
Wu Jian
Xom
Yredelemnul
Zin
The Shining One

Shops:
D:4 *[   D:7 %   D:8 *(}   D:9 }   D:10 =

Annotations:
Lair:5 2 transporters


Innate Abilities, Weirdness & Mutations

Your experience applies equally to all skills.
You have very sharp teeth.
Your uncanny sense of smell can sniff out nearby items.


Message History

[c] - 392 gold - haste and agility Purchase which effect?
You feel much better.
You feel as though your hastened speed will last longer.
You feel agile all of a sudden.
You feel very mighty all of a sudden. The death yak gores your ice beast.
The torpor snail bites your ice beast!
Your crimson imp blinks!
Your ice beast hits the torpor snail but does no damage.
The death yak gores you!
* * * LOW HITPOINT WARNING * * *
You regained 14 hp, and now have 19/110 hp.
As you read the scroll of teleportation, it crumbles to dust.
You feel strangely unstable. The death yak misses you.
The death yak gores your ice beast!!
Your ice beast dies!
The death yak is distracted by the nearby gold.
Your white imp hits the death yak but does no damage.
The death yak gores you!!
You die...
Your body crumbles into a pile of gold.

..........#.......##..Y.....#
...........#......#..Y...Y..#.
......:......###+..#...........
..............................#
##.#P...................k......##
...#.....................Y.......
..P.......5.....5w.............##
....#......((....Y..$...........#
..##.........(..@Y.$............#
..###.....<...$.YY.............##
...##..........§......##########
.#.#.........#.$$PP.###
...........<.#♣♣.≈≈♣♣
[............# ♣♣≈.♣
.............# ♣..♣ $
.............# .≈♣♣
.#.#.........# ♣≈≈%


You could see 4 death yaks, a torpor snail (unaware), a friendly crimson imp and
a friendly white imp.

Vanquished Creatures
  8 hydras
  An anaconda (Lair:6)
  3 death yaks
  An unseen horror (D:8)
  2 lindwurms (Lair:6)
  3 black mambas (Lair:6)
  15 elephants
  10 spiny frogs
  5 rime drakes
  3 komodo dragons
  3 trolls (D:10)
  2 polar bears
  A tyrant leech (Lair:6)
  3 hornets (Lair:6)
  A blink frog (Lair:6)
  14 dream sheep (Lair:6)
  9 hippogriffs
  A shadow (D:10)
  A human (D:7)
  20 yaks
  4 hogs (D:7)
  Eustachio (D:5)
  2 basilisks
  3 hungry ghosts (D:9)
  3 nagas (Lair:2)
  A soldier ant (D:10)
  15 water moccasins
  4 porcupines
  3 orc warriors
  An ice beast (D:10)
  5 sky beasts
  2 black bears (Lair:4)
  6 centaurs
  8 ogres
  15 wolves
  2 phantoms (D:9)
  20 crocodiles
  8 bullfrogs
  A wyvern zombie (D:6)
  2 scorpions
  13 wights
  A killer bee (D:7)
  3 troll zombies (D:9)
  3 vampire bats (Lair:3)
  5 electric eels
  5 howler monkeys
  A jelly (D:8)
  A bullfrog zombie (D:10)
  2 hounds (D:5)
  A quasit (D:8)
  A centaur zombie (D:5)
  3 crimson imps
  3 orc priests
  A centaur skeleton (D:5)
  10 orc wizards
  A bullfrog skeleton (D:8)
  3 iguanas
  7 worker ants
  3 ogre zombies (D:9)
  3 howler monkey skeletons
  13 adders
  6 gnolls
  A worker ant zombie (D:8)
  2 shadow imps
  2 oozes (D:1)
  3 adder skeletons
  An adder zombie (D:5)
  4 worms
  A dart slug (D:2)
  5 leopard geckos
  30 orcs
  3 giant cockroaches
  7 goblins
  7 hobgoblins
  14 jackals
  4 quokkas
  11 bats
  10 frilled lizards
  A goblin skeleton (D:9)
  A goblin zombie (D:9)
  2 hobgoblin skeletons (D:9)
  A hobgoblin zombie (D:9)
  A jackal skeleton (D:5)
  7 kobolds
  4 orc skeletons (D:9)
  10 orc zombies (D:9)
  10 rats
  A plant (Lair:4)
444 creatures vanquished.

Vanquished Creatures (collateral kills)
  2 death yaks (Lair:6)
  A dream sheep (Lair:6)
  3 yaks
  A naga (Lair:2)
  A water moccasin (Lair:4)
8 creatures vanquished.

Vanquished Creatures (others)
  A bush (Lair:6)
  16 fungi
  34 plants
51 creatures vanquished.

Grand Total: 503 creatures vanquished

Notes
Turn   | Place    | Note
-------+----------+-------------------------------------------
     0 | D:1      | Megalobster the Gnoll Gladiator began the quest for the Orb.
     0 | D:1      | Reached XP level 1. HP: 20/20 MP: 1/1
   140 | D:1      | Reached XP level 2. HP: 26/26 MP: 2/2
   298 | D:1      | Reached XP level 3. HP: 31/31 MP: 3/3
   768 | D:2      | Reached skill level 1 in Invocations
   963 | D:2      | Reached skill level 1 in Long Blades
   963 | D:2      | Reached skill level 1 in Axes
   963 | D:2      | Reached skill level 1 in Maces & Flails
   963 | D:2      | Reached skill level 1 in Polearms
   963 | D:2      | Reached skill level 1 in Staves
   963 | D:2      | Reached skill level 1 in Slings
   963 | D:2      | Reached skill level 1 in Bows
   963 | D:2      | Reached skill level 1 in Crossbows
   963 | D:2      | Reached skill level 1 in Armour
   963 | D:2      | Reached skill level 1 in Stealth
   963 | D:2      | Reached skill level 1 in Shields
   963 | D:2      | Reached skill level 1 in Unarmed Combat
   963 | D:2      | Reached skill level 1 in Spellcasting
   963 | D:2      | Reached skill level 1 in Evocations
  1008 | D:2      | Reached XP level 4. HP: 34/38 MP: 5/5
  1786 | D:3      | Reached skill level 1 in Conjurations
  1786 | D:3      | Reached skill level 1 in Hexes
  1786 | D:3      | Reached skill level 1 in Charms
  1786 | D:3      | Reached skill level 1 in Summonings
  1786 | D:3      | Reached skill level 1 in Necromancy
  1786 | D:3      | Reached skill level 1 in Translocations
  1786 | D:3      | Reached skill level 1 in Transmutations
  1786 | D:3      | Reached skill level 1 in Fire Magic
  1786 | D:3      | Reached skill level 1 in Ice Magic
  1786 | D:3      | Reached skill level 1 in Air Magic
  1786 | D:3      | Reached skill level 1 in Earth Magic
  1786 | D:3      | Reached skill level 1 in Poison Magic
  1894 | D:3      | Reached XP level 5. HP: 33/43 MP: 6/6
  2385 | D:4      | Found Ving's Armour Shop.
  2414 | D:4      | Found Cifat's General Store.
  2436 | D:4      | Bought a scroll of remove curse for 33 gold pieces
  2436 | D:4      | Bought a potion of haste for 110 gold pieces
  2436 | D:4      | Bought a scroll of teleportation for 33 gold pieces
  2436 | D:4      | Bought a scroll of identify for 22 gold pieces
  2738 | D:4      | Noticed an ogre
  2903 | D:5      | Entered Level 5 of the Dungeon
  2924 | D:5      | Reached XP level 6. HP: 40/50 MP: 8/8
  2957 | D:5      | Reached skill level 5 in Fighting
  2957 | D:5      | Reached skill level 5 in Throwing
  3218 | D:5      | Reached XP level 7. HP: 42/56 MP: 10/10
  3832 | D:5      | Noticed Eustachio
  3872 | D:5      | Killed Eustachio
  4075 | D:6      | Reached XP level 8. HP: 43/63 MP: 12/12
  4677 | D:7      | Found a staircase to the Ecumenical Temple.
  4683 | Temple   | Entered the Ecumenical Temple
  4797 | Temple   | Became a worshipper of Gozag Ym Sagoz the Greedy
  5320 | D:7      | Found Zaopla's Food Emporium.
  5547 | D:7      | Reached XP level 9. HP: 55/69 MP: 14/14
  5764 | D:8      | Found Atrul's Weapon Shop.
  5835 | D:8      | Found a hide-covered altar of Uskayaw.
  5928 | D:8      | Found a staircase to the Lair.
  5968 | D:8      | Found Bonorid's General Store.
  6198 | D:8      | Found Teduck's Gadget Emporium.
  6311 | D:8      | Reached skill level 5 in Invocations
  6425 | D:8      | Reached XP level 10. HP: 48/77 MP: 17/17
  6862 | D:4      | Bought the +1 cloak of Starlight {rElec rC+ EV+4 Stlth--} for 623 gold pieces
  6862 | D:4      | Found the +1 cloak of Starlight {rElec rC+ EV+4 Stlth--}
  7409 | D:8      | Killed an unseen horror
  7409 | D:8      | Reached skill level 5 in Long Blades
  7409 | D:8      | Reached skill level 5 in Axes
  7409 | D:8      | Reached skill level 5 in Maces & Flails
  7409 | D:8      | Reached skill level 5 in Polearms
  7409 | D:8      | Reached skill level 5 in Staves
  7409 | D:8      | Reached skill level 5 in Slings
  7409 | D:8      | Reached skill level 5 in Bows
  7409 | D:8      | Reached skill level 5 in Crossbows
  7409 | D:8      | Reached skill level 5 in Armour
  7409 | D:8      | Reached skill level 5 in Stealth
  7409 | D:8      | Reached skill level 5 in Shields
  7409 | D:8      | Reached skill level 5 in Unarmed Combat
  7409 | D:8      | Reached skill level 5 in Spellcasting
  7409 | D:8      | Reached skill level 5 in Evocations
  7783 | D:9      | Learned a level 2 spell: Blink
  7786 | D:9      | Learned a level 2 spell: Call Imp
  9102 | D:9      | Found Gugeal's Gadget Boutique.
  9185 | D:9      | Learned a level 3 spell: Conjure Flame
  9211 | D:9      | Found a staircase to the Orcish Mines.
  9954 | D:10     | Entered Level 10 of the Dungeon
 10273 | D:10     | Reached XP level 11. HP: 79/84 MP: 19/19
 10285 | D:10     | Found Zafucajo's Jewellery Boutique.
 11094 | Lair:1   | Entered Level 1 of the Lair of Beasts
 11313 | D:8      | Learned a level 3 spell: Mephitic Cloud
 11449 | Lair:1   | Noticed a four-headed hydra
 11477 | Lair:1   | Killed a four-headed hydra
 11477 | Lair:1   | Reached skill level 5 in Conjurations
 11477 | Lair:1   | Reached skill level 5 in Hexes
 11477 | Lair:1   | Reached skill level 5 in Charms
 11477 | Lair:1   | Reached skill level 5 in Summonings
 11477 | Lair:1   | Reached skill level 5 in Necromancy
 11477 | Lair:1   | Reached skill level 5 in Translocations
 11477 | Lair:1   | Reached skill level 5 in Transmutations
 11477 | Lair:1   | Reached skill level 5 in Fire Magic
 11477 | Lair:1   | Reached skill level 5 in Ice Magic
 11477 | Lair:1   | Reached skill level 5 in Air Magic
 11477 | Lair:1   | Reached skill level 5 in Earth Magic
 11477 | Lair:1   | Reached skill level 5 in Poison Magic
 11493 | Lair:1   | HP: 3/85 [water moccasin (4)]
 11500 | Lair:1   | HP: 2/127 [poisoned by a water moccasin]
 12622 | Lair:1   | Noticed an eight-headed hydra
 12635 | Lair:1   | Killed an eight-headed hydra
 13366 | Lair:2   | Got a translucent platinum ring
 13368 | Lair:2   | Identified the ring "Genewnutt" {rElec EV+4 Str+6 Slay+3} (You found it on level 2 of the Lair of Beasts)
 13597 | Lair:2   | Reached XP level 12. HP: 91/93 MP: 17/22
 13618 | Lair:2   | Found a staircase to the Snake Pit.
 13772 | Lair:2   | Learned a level 3 spell: Dazzling Spray
 14689 | Lair:3   | Found a staircase to the Swamp.
 15292 | Lair:4   | Identified a scroll of acquirement
 15779 | Lair:4   | Reached skill level 10 in Short Blades
 15779 | Lair:4   | Reached skill level 10 in Dodging
 15861 | Lair:4   | Reached XP level 13. HP: 101/101 MP: 23/25
 16392 | Lair:4   | Learned a level 2 spell: Poisonous Vapours
 16655 | Lair:5   | Found a transporter.
 16693 | Lair:5   | Reached XP level 14. HP: 108/108 MP: 26/26
 16716 | Lair:5   | Found a transporter.
 16729 | Lair:5   | Found a staircase to the Slime Pits.
 17341 | Lair:6   | Entered Level 6 of the Lair of Beasts
 18457 | Lair:6   | Reached skill level 10 in Fighting
 18457 | Lair:6   | Reached skill level 10 in Throwing
 19028 | Lair:6   | Learned a level 4 spell: Summon Ice Beast
 19072 | Lair:6   | HP: 5/110 [death yak (18)]
 19074 | Lair:6   | Slain by a death yak

Vault maps used:
D:1:      sevenhm_arrival_forest_fort_small_3, st_stairs_8
D:4:      first_ration, serial_shops, shop_statue, shop, minivault_1
D:5:      kennysheep_generic_room_4, uniq_eustachio
D:6:      minmay_door_square, kennysheep_small_square
D:7:      minmay_temple_entry_hall, minmay_misc_feat_x,
          hangedman_abyss_or_decor_lesser_grid, grunt_livestock,
          minmay_misc_feat_square, kennysheep_windowed_goal
D:8:      lemuel_crystal_altar, lair_entry_dummy, chequers_ossuary_entry_cave,
          serial_shops, shop, nicolae_shop_crystal, shop_statue
D:9:      zombieorc1_lemuel, serial_shops, kennysheep_mini_moat,
          serial_park_tiny_2
D:10:     serial_shops, shop_fountains
Temple:   kilobyte_greek_temple
Lair:2:   minmay_snake_entry_guardpost_medium
Lair:3:   swamp_mist_pool, roderic_batcave, serial_bayou_shore_b
Lair:4:   wad_woods_river_01
Lair:5:   gammafunk_cloud_chamber, slime_dummy, infiniplex_staircase_pool_2,
          serial_bayou_shore_a, grunt_megastairs_1
Lair:6:   guppyfry_lair_end_dragon, wormcave, minivault_11,
          hangedman_lair_generics_rect, lemuel_fruit_tree, grunt_megastairs_2

Skill      XL: |  1  2  3  4  5  6  7  8  9 10 11 12 13 14 |
---------------+-------------------------------------------+-----
Invocations    | 1 2 3 4 5 6 7 8 9 |  9.9
Long Blades    | 1 2 3 4 5 6 8 9 |  9.1
Axes           | 1 2 3 4 5 6 8 9 |  9.1
Maces & Flails | 1 2 3 4 5 6 8 9 |  9.1
Polearms       | 1 2 3 4 5 6 8 9 |  9.1
Staves         | 1 2 3 4 5 6 8 9 |  9.1
Slings         | 1 2 3 4 5 6 8 9 |  9.1
Bows           | 1 2 3 4 5 6 8 9 |  9.1
Crossbows      | 1 2 3 4 5 6 8 9 |  9.1
Armour         | 1 2 3 4 5 6 8 9 |  9.1
Stealth        | 1 2 3 4 5 6 8 9 |  9.1
Shields        | 1 2 3 4 5 6 8 9 |  9.1
Unarmed Combat | 1 2 3 4 5 6 8 9 |  9.1
Spellcasting   | 1 2 3 4 5 6 8 9 |  9.1
Evocations     | 1 2 3 4 5 6 8 9 |  9.1
Conjurations   | 1 2 3 4 5 6 7 |  7.6
Hexes          | 1 2 3 4 5 6 7 |  7.6
Charms         | 1 2 3 4 5 6 7 |  7.6
Summonings     | 1 2 3 4 5 6 7 |  7.6
Necromancy     | 1 2 3 4 5 6 7 |  7.6
Translocations | 1 2 3 4 5 6 7 |  7.6
Transmutations | 1 2 3 4 5 6 7 |  7.6
Fire Magic     | 1 2 3 4 5 6 7 |  7.6
Ice Magic      | 1 2 3 4 5 6 7 |  7.6
Air Magic      | 1 2 3 4 5 6 7 |  7.6
Earth Magic    | 1 2 3 4 5 6 7 |  7.6
Poison Magic   | 1 2 3 4 5 6 7 |  7.6
Fighting       | 5 6 7 8 9 10 | 10.1
Throwing       | 5 6 7 8 9 10 | 10.1
Short Blades   | 7 8 9 10 11 | 11.1
Dodging        | 7 8 9 10 11 | 11.1

Action                   |  1- 3 |  4- 6 |  7- 9 | 10-12 | 13-15 || total
-------------------------+-------+-------+-------+-------+-------++-------
Melee: Rapier            |    87 |   150 |   255 |   906 |   377 ||  1775
       Bite              |     7 |    27 |    42 |   131 |    88 ||   295
       Short sword       |       |    70 |   102 |       |       ||   172
       Flail             |       |       |       |    21 |       ||    21
Throw: Stone             |    12 |    26 |    49 |   151 |    37 ||   275
 Cast: Blink             |       |       |       |     2 |     3 ||     5
       Call Imp          |       |       |       |    19 |    23 ||    42
       Mephitic Cloud    |       |       |       |     4 |    13 ||    17
       Dazzling Spray    |       |       |       |     1 |     4 ||     5
       Conjure Flame     |       |       |       |     1 |     3 ||     4
       Poisonous Vapours |       |       |       |       |    21 ||    21
       Summon Ice Beast  |       |       |       |       |     2 ||     2
Invok: Potion Petition   |       |       |     1 |     1 |     2 ||     4
Evoke: Wand              |       |       |       |    45 |     2 ||    47
       Lamp of fire      |       |       |       |     1 |       ||     1
       Lightning rod     |       |       |       |       |     4 ||     4
  Use: Scroll            |       |     5 |     5 |    17 |     2 ||    29
       Potion            |       |       |     2 |     6 |     2 ||    10
 Stab: Sleeping          |     2 |     3 |     1 |     2 |     1 ||     9
       Distracted        |       |     1 |     1 |     6 |     6 ||    14
       Invisible         |       |       |       |     1 |     2 ||     3
       Confused          |       |       |       |       |     4 ||     4
  Eat: Chunk             |       |     7 |     1 |       |       ||     8
       Ration            |       |       |     3 |    11 |     3 ||    17
Armor: Leather armour    |    15 |    18 |    26 |    78 |       ||   137
       Troll leather arm |       |       |       |    34 |    33 ||    67
       Skin              |       |       |       |     8 |       ||     8
Dodge: Dodged            |    55 |    87 |   146 |   609 |   303 ||  1200
Block: Shield            |       |    54 |   116 |   412 |   222 ||   804

Table legend:
 A = Spawn XP
 B = Non-spawn XP
 C = Spawn XP percentage of total XP
 D = Spawn monster count
 E = Non-spawn monster count
 F = Spawn count percentage of total count
 G = Total turns spent on level
                    A         B        C        D         E        F      G
               +---------+---------+-------+---------+---------+-------+---------
         Total |       0 |   60333 |   0.0 |       0 |     451 |   0.0 | 19074
               +---------+---------+-------+---------+---------+-------+---------
           D:1 |       0 |      55 |   0.0 |       0 |      30 |   0.0 |   762
           D:2 |       0 |      52 |   0.0 |       0 |      18 |   0.0 |   768
           D:3 |       0 |     114 |   0.0 |       0 |      27 |   0.0 |   736
           D:4 |       0 |      77 |   0.0 |       0 |       9 |   0.0 |   704
           D:5 |       0 |     681 |   0.0 |       0 |      18 |   0.0 |  1027
           D:6 |       0 |     697 |   0.0 |       0 |      15 |   0.0 |   665
           D:7 |       0 |    1677 |   0.0 |       0 |      25 |   0.0 |  1121
           D:8 |       0 |    2605 |   0.0 |       0 |      31 |   0.0 |  2547
           D:9 |       0 |    2344 |   0.0 |       0 |      58 |   0.0 |  1945
          D:10 |       0 |    2573 |   0.0 |       0 |      31 |   0.0 |  1087
        Lair:1 |       0 |    4911 |   0.0 |       0 |      20 |   0.0 |  1516
        Lair:2 |       0 |    3486 |   0.0 |       0 |      20 |   0.0 |  1036
        Lair:3 |       0 |    3261 |   0.0 |       0 |      26 |   0.0 |   967
        Lair:4 |       0 |    9171 |   0.0 |       0 |      38 |   0.0 |  1374
        Lair:5 |       0 |    7750 |   0.0 |       0 |      25 |   0.0 |  1431
        Lair:6 |       0 |   20879 |   0.0 |       0 |      60 |   0.0 |  1239
               +---------+---------+-------+---------+---------+-------+---------
